 Dungeon Crawl Stone Soup version 0.29.1-1-gd02db6906a (webtiles) character file.

Game seed: 12369910377946146579

203 raistware the Magician (level 5, -6/33 HPs)
             Began as an Octopode Conjurer on Sept 20, 2022.
             Mangled by an iguana (11 damage)
             ... on level 4 of the Dungeon.
             The game lasted 00:06:47 (2947 turns).

raistware the Magician (Octopode Conjurer)          Turns: 2947, Time: 00:06:48

Health: -6/33      AC:  1    Str:  6    XL:     5   Next: 81%
Magic:  8/11       EV: 13    Int: 22    God:
Gold:   111        SH:  0    Dex: 11    Spells: 7/12 levels left

rFire   . . .      SeeInvis .   n - +2 dagger (protect)
rCold   . . .      Faith    .   (no shield)
rNeg    . . .      Spirit   .   (helmet restricted)
rPois   .          Reflect  .   (no amulet)
rElec   .          Harm     .   k - ring of wizardry
rCorr   .          Rampage  .   (no ring)
Will    .....                   (no ring)
Stlth   +++.......              (no ring)
HPRegen 0.11/turn               (no ring)
MPRegen 0.12/turn               (no ring)
                                (no ring)
                                (no ring)

@: very slightly contaminated
A: almost no armour, amphibious, 8 rings, camouflage 1, gelatinous body 1,
(nimble swimmer 1), tentacles
a: no special abilities


You were on level 4 of the Dungeon.
You visited 1 branch of the dungeon, and saw 5 of its levels.

You collected 111 gold pieces.

Inventory:

Hand Weapons
 n - a +2 dagger of protection (weapon)
Jewellery
 g - a ring of ice
 k - a ring of wizardry (left tentacle)
Scrolls
 d - a scroll of magic mapping
 f - a scroll of teleportation
 i - a scroll of silence
 j - 2 scrolls of amnesia
 l - a scroll of noise
Potions
 c - a potion of heal wounds
 e - a potion of resistance {unknown}
 h - a potion of brilliance


   Skills:
 - Level 1.0 Fighting
 - Level 3.0 Dodging
 - Level 3.0 Stealth
 + Level 4.1 Spellcasting
 + Level 4.1 Conjurations
 - Level 2.0 Translocations


You had 7 spell levels left.
You knew the following spells:

 Your Spells              Type           Power      Damage    Failure   Level
a - Magic Dart            Conj           88%        1d7       1%          1
b - Iskenderun's Mystic   Conj/Tloc      18%        2d6       12%         4

Your spell library contained the following spells:

 Spells                   Type           Power      Damage    Failure   Level
 Searing Ray              Conj           44%        2d6       1%          2
 Dazzling Flash           Conj/Hex       26%        N/A       6%          3
 Fulminant Prism          Conj/Hex       6%         3d7       19%         4


Dungeon Overview and Level Annotations

Branches:
Dungeon (5/15)
 Temple: D:4-7

Altars:
Fedhas


Innate Abilities, Weirdness & Mutations

You cannot wear most types of armour.
You are amphibious.
You can wear up to eight rings at the same time.
Your skin changes colour to match your surroundings (Stealth+).
Your rubbery body absorbs attacks. (AC +1, EV +1)
((You are camouflaged when in or above water. (Stealth+)))
You have tentacles for arms and can constrict up to eight enemies at once.


Message History

The magic dart hits the ball python!
You kill the ball python!
You can't see any susceptible monsters within range! (Use Z to cast anyway.)
An iguana comes into view.
The magic dart hits the iguana but does no damage.
You miscast Magic Dart.
You are very lightly contaminated with residual magic.
Nothing appears to happen.
The magic dart hits the iguana.
The iguana is lightly wounded.
The magic dart hits the iguana.
The iguana is moderately wounded.
The magic dart hits the iguana.
The iguana is heavily wounded.
The magic dart hits the iguana but does no damage.
The iguana is heavily wounded.
The iguana bites you!
An adder comes into view.
The magic dart hits the iguana.
The iguana is severely wounded.
The adder hisses angrily.
The iguana barely misses you.
The magic dart hits the iguana.
The iguana is severely wounded.
The iguana bites you!
Your magical contamination has completely faded away.
You are too injured to fight recklessly!
Casting: Magic Dart (safe; 1% risk of failure)
Confirm with . or Enter, or press ? or * to list all spells.
You don't have enough magic to cast this spell.
Unknown command.
Magic courses through your body. The iguana bites you!
* * * LOW HITPOINT WARNING * * *
Casting: Magic Dart (safe; 1% risk of failure)
Confirm with . or Enter, or press ? or * to list all spells.
The spell is quite dangerous to miscast (12% risk of failure)!
Continue anyway?
You miscast Iskenderun's Mystic Blast.
You are very lightly contaminated with residual magic.
Nothing appears to happen.
The iguana bites you!
You die...

##..... ....
....... ......
..$.... .......
..... ....... ....
#...... #.
#.S##...# ..
....#.l...# ...
.......@..# .[..
####......# ##....
#...##.###...#
#............#
.......#......#
##...#.###.....#..
#######..........
#.......#.##
#..†....# #


You could see an iguana and an adder.

Vanquished Creatures
  Blork the orc (D:5)
  A hound (D:4)
  A gnoll (D:1)
  4 adders
  A dart slug (D:1)
  4 orcs (D:3)
  5 bats
  6 endoplasms
  A giant cockroach (D:1)
  3 goblins
  3 hobgoblins
  3 jackals (D:1)
  3 quokkas
  7 ball pythons
  3 frilled lizards (D:1)
  3 kobolds (D:2)
  8 rats
57 creatures vanquished.

Notes
Turn   | Place    | Note
-------+----------+-------------------------------------------
     0 | D:1      | raistware the Octopode Conjurer began the quest for the
                  | Orb.
     0 | D:1      | Reached XP level 1. HP: 11/11 MP: 3/3
   391 | D:1      | Reached XP level 2. HP: 17/17 MP: 0/5
   479 | D:1      | Found a faded altar of an unknown god.
   624 | D:1      | Reached XP level 3. HP: 21/21 MP: 2/7
  1522 | D:2      | Reached XP level 4. HP: 27/27 MP: 3/9
  1773 | D:2      | Learned a level 4 spell: Iskenderun's Mystic Blast
  2003 | D:2      | Reached skill level 1 in Translocations
  2107 | D:2      | Found a blossoming altar of Fedhas.
  2483 | D:3      | You fall into a shaft and drop 2 floors!
  2483 | D:5      | Entered Level 5 of the Dungeon
  2516 | D:5      | Noticed Blork the orc
  2556 | D:5      | Noticed a centaur
  2559 | D:5      | Noticed a phantom
  2605 | D:5      | Killed Blork the orc
  2606 | D:5      | Reached XP level 5. HP: 2/32 MP: 9/11
  2633 | D:5      | Noticed a phantom
  2904 | D:4      | Reached skill level 1 in Fighting
  2947 | D:4      | Mangled by an iguana

Illustrated notes

Levels and vault maps discovered:
D:1:      minmay_arrival_up_and_down, layout_rooms,
          hellmonk_ecumenical_altar_lost_god
D:2:      layout_basic, basic_altar
D:3:      layout_loops_corners, portal_sewer_entry_e
D:4:      layout_cave_pools, grunt_temple_overflow_open, uniq_sigmund,
          uniq_menkaure
D:5:      layout_loops_cross, uniq_blork_the_orc

Skill      XL: |  1  2  3  4  5 |
---------------+----------------+-----
Spellcasting   | 3 4 |  4.1
Translocations | 2 |  2.0
Dodging        | 3 |  3.0
Stealth        | 3 |  3.0
Fighting       | 1 |  1.0
Conjurations   | |  4.1

Action                   |  1- 3 |  4- 6 || total
-------------------------+-------+-------++-------
Melee: Unarmed           |     4 |       ||     4
       Tentacles         |     2 |     2 ||     4
       Constrict         |     1 |     3 ||     4
       Dagger            |       |    16 ||    16
       Punch             |       |     1 ||     1
Throw: Throwing net      |       |     1 ||     1
 Cast: Magic Dart        |    79 |    49 ||   128
       Iskenderun's Myst |       |     1 ||     1
  Use: Scroll            |       |     7 ||     7
       Potion            |       |     1 ||     1
 Stab: Sleeping          |       |     1 ||     1
Armor: Skin              |       |     2 ||     2
Dodge: Dodged            |     6 |    10 ||    16
